 Dungeon Crawl Stone Soup version 0.18-a0-1628-g61c6396 (webtiles) character file.

174 Ijustatesigmund the Sneak (level 5, -2/26 HPs)
             Began as a Spriggan Assassin on Mar 25, 2016.
             Slain by an orc priest
             ... wielding a +0 flail
              (4 damage)
             ... on level 3 of the Dungeon.
             The game lasted 00:06:05 (2672 turns).

Ijustatesigmund the Sneak (Spriggan Assassin)       Turns: 2672, Time: 00:06:05

Health: -2/26      AC:  4    Str:  7    XL:     5   Next: 28%
Magic:  6/6        EV: 17    Int: 12    God:
Gold:   125        SH:  0    Dex: 19    Spells: 0 memorised, 4 levels left

rFire  . . .     SeeInvis +     o - +3 dagger (holy)
rCold  . . .     Gourm    .     c - +0 robe
rNeg   . . .     Faith    .     (shield restricted)
rPois  .         Spirit   .     (helmet restricted)
rElec  .         Dismiss  .     d - +1 cloak
rCorr  .         Reflect  .     (gloves unavailable)
SustAt .         Harm     .     (boots unavailable)
MR     .....                    (no amulet)
Stlth  ++++......               (no ring)
                                (no ring)

@: very quick, not resistant to hostile enchantments, stealthy
A: unfitting armour, see invisible, herbivore 3, speed 3, slow metabolism 2
a: no special abilities


You were on level 3 of the Dungeon.
You were not hungry.

You visited 1 branch of the dungeon, and saw 3 of its levels.

You collected 125 gold pieces.

Inventory:

Hand Weapons
 a - a +2 dagger
 b - a +0 blowgun
 o - a +3 dagger of holy wrath (weapon)
Missiles
 e - 6 poisoned needles
 f - 2 curare-tipped needles
 m - 4 tomahawks (quivered)
Armour
 c - a +0 robe (worn)
 d - a +1 cloak (worn)
Scrolls
 j - 2 scrolls of remove curse
 p - a scroll of amnesia
Potions
 k - a potion of berserk rage
Comestibles
 g - a bread ration


   Skills:
 + Level 2.3 Fighting
 + Level 3.8 Short Blades
 + Level 2.8 Throwing
 + Level 1.5 Dodging
 + Level 7.6 Stealth


You had 4 spell levels left.
You didn't know any spells.

Dungeon Overview and Level Annotations

Branches:
Dungeon (3/15)

Altars:


Innate Abilities, Weirdness & Mutations

You are tiny and cannot use many weapons and most armour.
You have supernaturally acute eyesight.
You are a herbivore.
You cover ground extremely quickly.
You need consume almost no food.


Message History

The orc priest completely misses you.
You hit the orc priest.
The orc priest is moderately wounded.
The orc wizard casts a spell at you. The magic dart hits you!
You hit the orc priest.
The orc priest is heavily wounded.
The orc priest invokes the aid of Beogh against you.
Beogh smites you!
Ouch! That really hurt!
* * * LOW HITPOINT WARNING * * *
You hit the orc priest.
The orc priest is almost dead.
The orc priest closely misses you.
You hit the orc priest.
The orc priest is almost dead.
The orc wizard hits you with a dagger.
* * * LOW HITPOINT WARNING * * *
The orc priest hits you with a flail.
You die...

##### ##⌠.⌠##
##..<..##
#...))..## #.
#...###...##
#.##⌠.⌠##.##⌠.⌠#
#..##+##. ##o## .
#.....#.#####@#
..#...........o.#
................#
.................
.......<.........
......W..........#
.................#
.......o.........#
...g...........


You could see an orc priest and an orc wizard.

Vanquished Creatures
  The ghost of Ijustatesigmund the Sneak, an amateur SpAs (D:3)
  4 adders (D:2)
  A worm (D:2)
  4 giant geckos
  3 orcs
  A ball python (D:2)
  2 giant cockroaches
  8 goblins
  8 hobgoblins
  3 jackals (D:1)
  10 bats
  2 giant newts (D:1)
  8 kobolds
  6 rats
61 creatures vanquished.

Notes
Turn   | Place    | Note
--------------------------------------------------------------
     0 | D:1      | Ijustatesigmund the Spriggan Assassin began the quest for the Orb.
     0 | D:1      | Reached XP level 1. HP: 10/10 MP: 2/2
    54 | D:1      | Reached skill level 6 in Stealth
   326 | D:1      | Reached XP level 2. HP: 2/14 MP: 3/3
  1282 | D:2      | Reached XP level 3. HP: 11/18 MP: 4/4
  1535 | D:2      | Reached skill level 7 in Stealth
  1790 | D:2      | Reached XP level 4. HP: 19/23 MP: 5/5
  2379 | D:3      | Noticed Ijustatesigmund's ghost (amateur SpAs)
  2600 | D:3      | Killed Ijustatesigmund's ghost
  2600 | D:3      | Reached XP level 5. HP: 20/26 MP: 6/6
  2672 | D:3      | Slain by an orc priest

Vault maps used:
D:1:      lightli_molten_gateway, hangedman_decor_peaks_small
D:3:      grunt_ministairs_8, trog_wizard

Skill      XL: |  1  2  3  4 |
---------------+-------------+-----
Stealth        | 6 7 |  7.6
Short Blades   | 3 |  3.8
Fighting       | 2 |  2.3
Throwing       | |  2.8
Dodging        | |  1.5

Action                   |  1- 3 |  4- 6 || total
-------------------------+-------+-------++-------
Melee: Dagger            |   128 |    77 ||   205
 Fire: Blowgun           |    15 |       ||    15
  Use: Scroll            |     4 |     5 ||     9
       Potion            |     1 |       ||     1
 Stab: Sleeping          |    13 |     3 ||    16
       Distracted        |     1 |       ||     1
